 BcadrenCrawl: Boulder Brew version 0.04.2-3-g40356c7de1 (webtiles) character file.

Game seed: 3613937740482703519, levelgen mode: deterministic

109 gruber the Chopper (level 4, -6/35 HPs) Hill Orc Demonspawn. Began on Apr 27, 2021. Splashed by a jelly's acid (7 damage) ... on level 2 of the Dungeon. The game lasted 00:01:30 (921 turns).

gruber the Chopper (Hill Orc Demonspawn)             Turns: 921, Time: 00:01:31

Health: -6/35      AC: -13   Str: 17    XL:     4 ^: 9
Magic:  6/6        EV: 12    Int: 12    God:
Gold:   108        SH:  0    Dex: 10    Spells: 4/5 levels left

rFire    . . .     Vision   .   a - +0 war axe
rCold    . . .     Gourm    .   h - +2 whip (molten)
rNeg     . . .     Faith    .   b - +0 leather armour
rPois    .         Spirit   .   (no helmet)
rElec    .         Reflect  .   (no cloak)
rCorr    .         Harm     .   (no gloves)
MR       .....                  (no boots)
Stlth    +.........             g - amulet of magic regeneration
HPRegen  0.21/turn              (no ring)
MPRegen  0.41/turn              (no ring)

@: corroded
A: powered by death 1
a: no special abilities


You were on level 2 of the Dungeon.
You were not hungry.

You visited 1 branch of the dungeon, and saw 2 of its levels.

You collected 108 gold pieces.

Inventory:

Weapons
 a - a +0 war axe (weapon)
 h - a +2 whip of molten steel (weapon) Shields
 l - a +0 heater shield
Armour
 b - a +0 leather armour (worn)
Jewellery
 g - an amulet of magic regeneration (around neck)
Scrolls
 c - 2 scrolls of amnesia
 j - a scroll of fear
 k - a scroll of teleportation
Potions
 e - 2 potions of curing
 f - a potion of cure mutation
 i - a potion of heal wounds
Comestibles
 d - 3 rations


   Skills:
 - Level 1.2 Fighting
 + Level 6.0 Axes & Hammers
 - Level 2.4 Dodging
 - Level 1.5 Stealth
 - Level 1.0 Spellcasting
 - Level 2.1 Fire Magic
   Level 3.6 Invocations


You had 4 spell levels left.
You knew the following spells:

 Your Spells              Type           Power        Failure   Level  Hunger
a - Flame Tongue          Fire           5 (30)       14%         1    ##.....

Your spell library contained the following spells:

 Spells                   Type           Power        Failure   Level  Hunger
 Conjure Flame            Fire           5 (100)      38%         3    ####...
 Blink                    Tloc           N/A          45%         2    ###....
 Call Imp                 Summ           0 (100)      45%         2    ###....
 Slow                     Hex            0 (100)      45%         2    ###....
 Mephitic Cloud           Pois/Air       0 (100)      69%         3    ####...


Dungeon Overview and Level Annotations

Branches:
Dungeon (2/8)

Altars:
Qazlal


Innate Abilities, Weirdness & Mutations

You regenerate a little health from kills.


Message History

The jelly is almost dead. (2/16) HP The jelly hits you (3).
The acid corrodes you!
You are splashed with acid (8)!
* * * LOW HITPOINT WARNING * * *
The jelly splashes around in the water.
You are too injured to fight recklessly!
Unknown command.
You are too injured to fight recklessly!
Unknown command.
You are too injured to fight recklessly!
Unknown command.
Unknown command.
You hit the jelly (1).
Your hands burn (1).
* * * LOW HITPOINT WARNING * * *
You hit the jelly but do no damage.
Your hands burn (4).
* * * LOW HITPOINT WARNING * * *
The jelly is almost dead. (1/16) HP The jelly misses you (0).
The jelly hits you (3).
* * * LOW HITPOINT WARNING * * *
The acid corrodes you!
You are splashed with acid (7)!
You die...

#≈≈≈≈≈..≈#..≈≈≈§ #≈
≈≈≈.#..b.≈≈≈§≈≈
#.bP≈≈≈≈....≈§§≈≈§≈
#..P≈≈≈#.....≈§8>§§
#≈≈PPP≈......≈≈§_§§..
###≈≈P≈P.#...§.§≈§≈≈§§§
.≈..≈≈J≈......≈≈§≈≈≈≈.≈
....≈≈≈@...§...≈§≈≈.§..
)...≈P≈≈.#...§..§§≈...
.≈..≈≈PP.#.#..§.....§.
###.≈≈P..#.#≈....#...
#.≈PPP..†#.....##
#.P≈PP.≈.#......##
#P≈≈≈P≈####≈....≈#


#PPPPP≈# #≈...[≈## .... ##≈.....## You could see a submerged jelly.

Vanquished Creatures
  4 giant cockroaches
  3 cinder newts (D:1)
  An ooze (D:2)
  A dart slug (D:1)
  3 leopard geckos (D:1)
  3 goblins (D:1)
  4 hobgoblins (D:1)
  A ball python (D:1)
  3 bats
  3 kobolds (D:1)
  3 withered plants (D:2)
29 creatures vanquished.

Vanquished Creatures (others)
  A bat (D:2)
  4 withered plants (D:2)
5 creatures vanquished.

Grand Total: 34 creatures vanquished

Notes
Turn   | Place    | Note
-------+----------+-------------------------------------------
     0 | D:1      | gruber the Hill Orc Demonspawn began the quest for the Orb.
     0 | D:1      | Reached XP level 1. HP: 16/16 MP: 3/3
    83 | D:1      | Reached skill level 3 in Axes & Hammers
   128 | D:1      | Gained mutation: You regenerate a little health from kills.
                  | [demonic ancestry]
   128 | D:1      | Reached XP level 2. HP: 23/23 MP: 4/4
   243 | D:1      | Reached skill level 4 in Axes & Hammers
   244 | D:1      | Reached XP level 3. HP: 28/28 MP: 5/5
   712 | D:1      | Reached skill level 5 in Axes & Hammers
   715 | D:1      | Reached XP level 4. HP: 28/35 MP: 6/6
   889 | D:2      | Reached skill level 6 in Axes & Hammers
   896 | D:2      | Found a stormy altar of Qazlal.
   921 | D:2      | HP: 1/35 [jelly (3)]
   921 | D:2      | Splashed by a jelly's acid

Levels and vault maps discovered:
D:1:      nagdon_arrival_zigzag_paths, layout_basic, first_ration,
          ebering_dispersal_statue_hall
D:2:      layout_sewer, nicolae_qazlal_general_emergency

Skill      XL: |  1  2  3  4 |
---------------+-------------+-----
Axes & Hammers | 3 4 5 6 |  6.0
Fighting       | |  1.2
Dodging        | |  2.4
Stealth        | |  1.5
Spellcasting   | |  1.0
Fire Magic     | |  2.1
Invocations    | |  3.6

Action                   |  1- 3 |  4- 6 || total
-------------------------+-------+-------++-------
Melee: War axe           |    36 |    11 ||    47
       Unarmed           |    17 |       ||    17
       Whip              |     7 |     6 ||    13
 Stab: Sleeping          |     1 |     1 ||     2
Armor: Leather armour    |     7 |       ||     7
Dodge: Dodged            |    42 |    11 ||    53
